 Dungeon Crawl Stone Soup version 0.20-a0-1101-g1de9d76 (console) character file.

1408 nht the Martial Artist (level 8, 0/53 HPs)
             Began as a Vampire Transmuter on May 4, 2017.
             Was an Initiate of Ru.
             Succumbed to Dowan's poison
             ... on level 5 of the Dungeon.
             The game lasted 00:10:24 (3063 turns).

nht the Martial Artist (Vampire Transmuter)         Turns: 3063, Time: 00:10:25

Health: 0/53       AC:  5    Str:  4    XL:     8   Next: 42%
Magic:  11/11      EV: 11    Int: 18    God:    Ru [......]
Gold:   154        SH:  0    Dex: 14    Spells: 2/11 levels left

rFire    . . .     SeeInvis +     - Unarmed
rCold    . . .     Gourm    .   (no shield)
rNeg     . . .     Faith    .   o - +1 leather armour {rPois}
rPois    +         Spirit   .   h - +0 helmet
rElec    .         Reflect  .   (no cloak)
rCorr    .         Harm     .   (no gloves)
MR       .....                  (no boots)
Stlth    +.........             (no amulet)
Regen    0.4/turn               j - -3 ring of strength (curse)
MPRegen  0.2/turn               (no ring)

@: lethally poisoned (0 -> -6), flying, regenerating quickly, slowed, very slow
A: fangs 3, talons 1, see invisible, poison resistance, weak 1, unbreathing
a: Renounce Religion


You were on level 5 of the Dungeon.
You worshipped Ru.
Ru was noncommittal.
You were very full.

You visited 2 branches of the dungeon, and saw 6 of its levels.

You collected 154 gold pieces.

Inventory:

Missiles
 a - 88 arrows
Armour
 h - a +0 helmet (worn)
 o - a +1 leather armour of poison resistance (worn)
Jewellery
 g - an uncursed ring of fire
 j - a cursed -3 ring of strength (left hand)
Wands
 n - a wand of disintegration (3/24)
Scrolls
 e - a scroll of remove curse
 k - a scroll of teleportation
Potions
 b - a potion of magic
 d - 20 potions of blood
 f - a potion of agility
Books
 c - a book of Changes

   Spells                             Type                      Level
   a - Beastly Appendage              Transmutation                1
   b - Sticks to Snakes               Transmutation                2
   c - Spider Form                    Transmutation/Poison         3
   d - Ice Form                       Ice/Transmutation            4
   e - Blade Hands                    Transmutation                5
 l - a book of Air

   Spells                             Type                      Level
   a - Shock                          Conjuration/Air              1
   b - Swiftness                      Charms/Air                   2
   c - Static Discharge               Conjuration/Air              3
   d - Airstrike                      Air                          4
   e - Lightning Bolt                 Conjuration/Air              5


   Skills:
 - Level 0.8 Fighting
 - Level 2.1 Dodging
 * Level 10.0 Unarmed Combat
 - Level 2.0 Spellcasting
 + Level 6.6 Transmutations


You had 2 spell levels left.
You knew the following spells:

 Your Spells              Type           Power        Failure   Level  Hunger
a - Beastly Appendage     Tmut           ####..       1%          1    #......
b - Spider Form           Tmut/Pois      ##........   24%         3    ###....
c - Blade Hands           Tmut           ####......   50%         5    ######.


Dungeon Overview and Level Annotations

Branches:
Dungeon (5/15)             Temple (1/1) D:4

Altars:
Dithmenos
Elyvilon
Fedhas
Gozag
Makhleb
Nemelex Xobeh
Okawaru
Ru
Sif Muna
Trog
Uskayaw
Vehumet
Wu Jian
Xom
Yredelemnul
Zin

Shops:
D:4 [


Innate Abilities, Weirdness & Mutations

Your natural rate of healing is unusually fast.
You have razor-sharp teeth.
You have supernaturally acute eyesight. (SInv)
You can survive without breathing.
You have sharp toenails.
Your system is resistant to poisons. (rPois)
You are weak. (Str -2)


Message History

You feel a strong urge to attack something.
Your transformation has ended.
Your +0 helmet unmelds from your body.
Your +1 leather armour of poison resistance unmelds from your body.
You feel resistant to poison.
* * * LOW HITPOINT WARNING * * *
You feel sick.
You feel your anger subside.
* * * LOW HITPOINT WARNING * * *
You feel sick.
You are no longer berserk.
You are exhausted.
You feel yourself slow down.
* * * LOW HITPOINT WARNING * * *
You feel sick.
Yummy - fresh blood!
* * * LOW HITPOINT WARNING * * *
You feel sick.
Yummy - fresh blood!
You die...

█
███...██....█
█
█...........█
█
█.███.██...██
█ █.█ █.███.██
█.█ █.█ █.█
█.█ █.█ █.█
█.███.███.█
█.██...██.█
█......@..█
█.█.....███
██)..>...%██
██..........█
█%.........██
█....%......██
█.█.........█
█.██...██.█.█
█ ██.█████.█


There were no monsters in sight!

Vanquished Creatures
  Grinder (D:4)
  Sigmund (D:2)
  Menkaure (D:4)
  Duvessa (D:5)
  An ice beast (D:5)
  A sky beast (D:5)
  The ghost of Paps the Covered, an amateur GrFi (D:4)
  A bullfrog (D:5)
  Dowan (D:5)
  A scorpion (D:4)
  A quasit (D:3)
  2 orc wizards
  Ijyb (D:3)
  A worker ant (D:4)
  Terence (D:3)
  2 hound skeletons
  A hound zombie (D:5)
  9 adders
  A shadow imp (D:4)
  2 oozes
  2 adder skeletons (D:3)
  3 worms (D:2)
  2 dart slugs
  2 leopard geckos
  7 orcs
  4 giant cockroaches
  6 goblins
  A hobgoblin (D:2)
  16 jackals
  4 bats
  6 frilled lizards
  16 kobolds
  11 rats
111 creatures vanquished.

Notes
Turn   | Place    | Note
-------+----------+-------------------------------------------
     0 | D:1      | nht the Vampire Transmuter began the quest for the Orb.
     0 | D:1      | Reached XP level 1. HP: 14/14 MP: 3/3
   159 | D:1      | Reached XP level 2. HP: 12/20 MP: 3/5
   226 | D:1      | Reached skill level 4 in Unarmed Combat
   658 | D:2      | Reached XP level 3. HP: 15/25 MP: 4/6
   714 | D:2      | Found an opulent altar of Gozag.
   806 | D:2      | Learned a level 3 spell: Spider Form
   891 | D:2      | Reached XP level 4. HP: 31/31 MP: 5/7
   900 | D:2      | Reached skill level 5 in Unarmed Combat
   950 | D:2      | Noticed Sigmund
   961 | D:2      | Killed Sigmund
   961 | D:2      | Reached skill level 6 in Unarmed Combat
   961 | D:2      | Reached XP level 5. HP: 28/36 MP: 1/8
  1403 | D:3      | Noticed Terence
  1477 | D:3      | Reached XP level 6. HP: 8/42 MP: 6/9
  1764 | D:3      | Reached skill level 7 in Unarmed Combat
  1919 | D:3      | Noticed Ijyb
  1935 | D:3      | Killed Ijyb
  2015 | D:3      | Learned a level 5 spell: Blade Hands
  2113 | D:3      | Killed Terence
  2318 | D:4      | Noticed Paps's ghost (amateur GrFi)
  2327 | D:4      | Killed Paps's ghost
  2327 | D:4      | Reached XP level 7. HP: 47/47 MP: 10/10
  2350 | D:4      | Noticed Menkaure
  2467 | D:4      | Reached skill level 5 in Transmutations
  2472 | D:4      | Found a staircase to the Ecumenical Temple.
  2502 | D:4      | Reached skill level 8 in Unarmed Combat
  2506 | Temple   | Entered the Ecumenical Temple
  2570 | Temple   | Became a worshipper of Ru the Awakened
  2643 | D:4      | Noticed Grinder
  2643 | D:4      | Paralysed by Grinder for 5 turns
  2650 | D:4      | Killed Grinder
  2682 | D:4      | Found Ricium's Armour Boutique.
  2731 | D:4      | Killed Menkaure
  2731 | D:4      | Reached skill level 9 in Unarmed Combat
  2824 | D:5      | Entered Level 5 of the Dungeon
  2831 | D:5      | Reached XP level 8. HP: 48/53 MP: 1/11
  2907 | D:5      | Found a hide-covered altar of Uskayaw.
  3024 | D:5      | Noticed Duvessa
  3025 | D:5      | Noticed Dowan
  3028 | D:5      | Killed Duvessa
  3044 | D:5      | Killed Dowan
  3044 | D:5      | Reached skill level 10 in Unarmed Combat
  3046 | D:5      | Gained mutation: You are weak. (Str -2) [potion of mutation]
  3046 | D:5      | Gained mutation: Your system is resistant to poisons. (rPois) [potion of mutation]
  3046 | D:5      | Gained mutation: You have sharp toenails. [potion of mutation]
  3062 | D:5      | HP: 2/53 [poisoned by Dowan]
  3063 | D:5      | Succumbed to Dowan's poison

Vault maps used:
D:1:      nicolae_arrival_washed_ashore, grunt_decor_cap
D:2:      nicolae_overflow_crystal_walls, serial_glass, glass_columns_c,
          glass_columns_a, uniq_sigmund
D:3:      serial_undead, serial_undead_b, serial_undead_b, serial_undead_e,
          serial_undead_c, serial_undead_c, first_bread, uniq_terence, uniq_ijyb
D:4:      minmay_temple_entry_large_hall, serial_shops, shop, uniq_grinder,
          uniq_menkaure
D:5:      minitemple, uniq_duvessa
Temple:   eino_temple_lava

Skill      XL: |  1  2  3  4  5  6  7  8 |
---------------+-------------------------+-----
Unarmed Combat | 4 6 7 9 10 | 10.0
Transmutations | 3 4 5 6 |  6.6
Fighting       | |  0.8
Dodging        | |  2.1
Spellcasting   | |  2.0

Action                   |  1- 3 |  4- 6 |  7- 9 || total
-------------------------+-------+-------+-------++-------
Melee: Unarmed           |   141 |   156 |    79 ||   376
       Bite              |    13 |     6 |     5 ||    24
       Kick              |    14 |    16 |     1 ||    31
       Punch             |     1 |     1 |       ||     2
 Cast: Beastly Appendage |    17 |    11 |     2 ||    30
       Spider Form       |       |    10 |     9 ||    19
Evoke: Wand              |       |     6 |    13 ||    19
  Use: Potion            |     6 |     9 |     9 ||    24
       Scroll            |       |     6 |     4 ||    10
 Stab: Distracted        |     1 |       |       ||     1
  Eat: Corpse            |     4 |     2 |     1 ||     7
Armor: Robe              |    20 |    13 |       ||    33
       Skin              |       |     5 |     4 ||     9
       Leather armour    |       |     4 |    14 ||    18
Dodge: Dodged            |    86 |   135 |    71 ||   292
